Map: 10000 Feet LE

Players

Proxyimba - Winner!

  • Race: Protoss Protoss
  • League: Grandmaster
  • Spawn Location: 11:00

ScoutMeBro - Winner!

  • Race: Protoss Protoss
  • League: Diamond
  • Spawn Location: 5:00

A.I. 2 (Elite)

  • Race: Zerg Zerg

VOD

Have the link to the VOD?

Description

Time

  • Played on: Nov. 26, 2025, 3:34 p.m.
  • Length: 6:26
Show
View Real Time Build Order
Export as new Build Order

Proxyimba Protoss - Winner!

Build Orders: 1 Gate Expand 

Get SALT Encoding   

  12  0:00  Probe  
  13  0:12  Probe  
  14  0:20  Pylon  
  14  0:24  Probe  
  15  0:38  Probe  
  15  0:39  Gateway  
  16  0:48  Probe, Assimilator  
  16  0:56  Probe  
  18  1:04  Probe  
  19  1:22  Nexus  
  19  1:27  Probe  
  20  1:35  Cybernetics Core  
  21  1:40  Probe  
  21  1:44  Assimilator  
  21  1:49  Pylon  
  21  2:00  Probe  
  22  2:04  Adept  
  22  2:14  Robotics Facility  
  22  2:15  Probe  
  25  2:22  Warp Gate  
  25  2:27  Probe  
  26  2:37  Probe  
  26  2:38  Probe  
  26  2:39  Adept  
  30  2:45  Probe, Twilight Council  
  31  2:52  Probe  
  31  2:54  Gateway  
  32  3:04  Probe  
  32  3:08  Gateway  
  32  3:10  Probe, Charge  
  34  3:20  Gateway  
  34  3:25  Probe x2  
  36  3:31  Gateway  
  36  3:36  Gateway  
  36  3:41  Warp Prism  
  36  3:42  Gateway  
  36  3:53  Probe  
  39  4:00  Pylon  
  39  4:01  Pylon  
  39  4:05  Pylon  
  39  4:09  Zealot  
  41  4:14  Zealot x2  
  45  4:32  Zealot x4  
  45  4:34  Zealot x2  
  57  4:53  Zealot x4  
  57  4:54  Zealot  
  67  5:04  Pylon  
  67  5:05  Pylon  
  67  5:07  Pylon  
  67  5:18  Zealot x2  
  67  5:19  Zealot  
  69  5:22  Zealot x3  
  69  5:24  Zealot  
  77  5:44  Probe  
  77  5:45  Probe  
  79  6:05  Probe x2  
  79  6:08  Zealot x4  
  79  6:09  Zealot x2  
  94  6:24  Assimilator  
Show
View Real Time Build Order
Export as new Build Order

ScoutMeBro Protoss - Winner!

Build Orders:  

Get SALT Encoding   

  12  0:00  Drone  
  13  0:12  Overlord  
  13  0:16  Drone  
  14  0:30  Drone x2  
  14  0:34  Drone  
  17  0:59  Drone x2  
  17  1:01  Spawning Pool  
  17  1:02  Extractor  
  17  1:13  Hatchery  
  17  1:17  Drone  
  17  1:22  Drone  
  18  1:28  Drone  
  19  1:38  Overlord  
  19  1:49  Drone  
  19  1:51  Queen  
  22  2:00  Zergling x2  
  23  2:10  Drone  
  24  2:21  Drone  
  25  2:27  Queen  
  25  2:28  Roach Warren  
  26  2:33  Drone  
  26  2:38  Drone  
  26  2:42  Extractor  
  26  2:46  Drone  
  27  2:52  Overlord  
  27  2:56  Drone  
  28  3:00  Drone  
  28  3:02  Drone  
  28  3:05  Drone  
  31  3:07  Drone  
  31  3:15  Zergling x2  
  31  3:18  Zergling x2  
  33  3:25  Zergling x2  
  34  3:29  Roach  
  34  3:34  Roach x2  
  40  3:35  Roach  
  40  3:37  Drone  
  40  3:40  Zergling x2  
  43  3:45  Drone  
  44  3:49  Overlord  
  43  3:59  Lair  
  43  4:04  Metabolic Boost  
  43  4:07  Zergling x2  
  45  4:10  Drone  
  45  4:12  Drone  
  45  4:14  Drone  
  47  4:17  Drone  
  47  4:19  Drone  
  47  4:22  Drone  
  50  4:24  Drone  
  50  4:29  Overlord  
  50  4:31  Drone  
  52  4:36  Evolution Chamber, Drone  
  52  4:40  Evolution Chamber  
  52  4:41  Drone  
  52  4:47  Zergling x6  
  52  4:49  Zergling x2  
  52  4:52  Overlord  
  55  4:56  Roach  
  53  5:00  Roach  
  37  5:15  Drone  
  37  5:18  Drone  
  37  5:20  Drone  
  34  5:25  Zergling x2  
  34  5:27  Zergling x2  
  30  5:32  Roach  
  23  5:59  Spawning Pool  
Show
View Real Time Build Order
Export as new Build Order

A.I. 2 (Elite) Zerg 

Build Orders:  

Get SALT Encoding   

Tags
 
Add a new tag
Caveats
  • Supply blocks, unpowered buildings, or Contaminate may cause inaccurate times.
  • Supply counts are checked every 10 seconds.